 Dungeon Crawl Stone Soup version 0.21.0-3-g78d12a8 (webtiles) character file.

270 Megalobster the Cudgeler (level 6, -13/39 HPs)
             Began as a Gargoyle Monk on Jan 13, 2018.
             Killed from afar by Dowan (21 damage)
             ... with a shard of ice
             ... on level 4 of the Dungeon.
             The game lasted 00:07:35 (3002 turns).

Megalobster the Cudgeler (Gargoyle Monk)            Turns: 3002, Time: 00:07:35

Health: -13/39     AC: 14    Str: 16    XL:     6   Next: 22%
Magic:  6/6        EV:  8    Int: 11    God:
Gold:   122        SH:  0    Dex: 12    Spells: 5/5 levels left

rFire    . . .     SeeInvis .   a - +0 mace
rCold    . . .     Gourm    .   (no shield)
rNeg     + . .     Faith    .   j - +0 chain mail
rPois    ∞         Spirit   .   (no helmet)
rElec    +         Reflect  .   (no cloak)
rCorr    .         Harm     .   (no gloves)
MR       .....                  r - +0 pair of boots
Stlth    ..........             (no amulet)
HPRegen  0.13/turn              (no ring)
MPRegen  0.10/turn              (no ring)

@: berserk cooldown, slowed, very slow
A: negative energy resistance 1, electricity resistance, unbreathing,
petrification resistance, rot immunity, AC +4
a: no special abilities


You were on level 4 of the Dungeon.
You were not hungry.

You visited 1 branch of the dungeon, and saw 4 of its levels.

You collected 142 gold pieces.
You spent 20 gold pieces at shops.

Inventory:

Hand Weapons
 a - a +0 mace (weapon)
Armour
 b - a +0 robe
 e - a +0 plate armour
 j - a +0 chain mail (worn)
 r - a +0 pair of boots (worn)
Scrolls
 h - 2 scrolls of identify {@r1}
 i - 2 scrolls of remove curse {unknown}
 k - 2 scrolls of amnesia {unknown}
 l - a scroll of noise {unknown}
 m - a scroll of immolation {unknown}
 o - a scroll of magic mapping {unknown}
 s - a scroll of random uselessness {unknown}
 t - a scroll of teleportation {unknown}
Potions
 f - a potion of heal wounds {unknown}
 g - 2 potions of flight
 n - a potion of agility {unknown}
 p - a potion of mutation {unknown}
 q - 2 potions of curing {@q1}
Comestibles
 c - 6 rations


   Skills:
 + Level 4.3 Fighting
 * Level 4.9 Maces & Flails
 + Level 2.6 Armour
 + Level 3.2 Dodging
 - Level 2.2 Stealth


You had 5 spell levels left.
You didn't know any spells.

Dungeon Overview and Level Annotations

Branches:
Dungeon (4/15)             Temple (0/1) D:4

Altars:

Shops:
D:4 *

Annotations:
D:4 Dowan


Innate Abilities, Weirdness & Mutations

You are resistant to torment.
Your stone body is resilient. (AC +4)
You are immune to poison.
You resist negative energy. (rN+)
You are resistant to electric shocks. (rElec)
You can survive without breathing.
You are immune to petrification.
You are immune to rotting.


Message History

Dowan is severely wounded.
Dowan closely misses you. x2; Dowan hits you but does no damage.
Your chain mail prevents you from hitting Dowan.
Dowan is severely wounded.
Dowan hits you but does no damage.
Dowan says, "Magic will overcome all!"
Dowan hits you but does no damage.
You hit Dowan.
Dowan is severely wounded.
Dowan points at you and mumbles some strange words.
The shard of ice hits you!
* * * LOW HITPOINT WARNING * * *
Dowan hits you but does no damage. Dowan barely misses you.
You take 8 damage, and have 7/39 hp.
MASSIVE DAMAGE!!
You sock Dowan!
Dowan is almost dead.
Dowan gestures at you while chanting. The shard of ice hits you!
Ouch! That really hurt!
You die...

###.## #####.#### ## # .#
#.# # # # #.##### # #
####### #.....# ## ##P....#
#####.# ##. #.P....# ####.#
##.. ##.#..P>..#
##.##.###...
#.....)P..#####...#.##...)
.........e@...........'...)
##......########...####....
#...#### ##.## ##... #...
#.# ##.. ##. #.# ##. # #
#.# ## ##### ####.#### #
.... # #(......# # #.##.#
#.##.##.# ##


You could see Dowan.

Vanquished Creatures
  Duvessa (D:4)
  3 gnolls (D:4)
  5 adders
  An ooze (D:2)
  A worm (D:2)
  3 leopard geckos
  2 orcs
  7 bats
  7 giant cockroaches
  12 hobgoblins
  5 jackals
  2 quokkas
  6 frilled lizards
  5 goblins
  8 kobolds
  11 rats
79 creatures vanquished.

Notes
Turn   | Place    | Note
-------+----------+-------------------------------------------
     0 | D:1      | Megalobster the Gargoyle Monk began the quest for the Orb.
     0 | D:1      | Reached XP level 1. HP: 14/14 MP: 1/1
   200 | D:1      | Reached XP level 2. HP: 17/19 MP: 2/2
   864 | D:1      | Reached skill level 1 in Armour
   864 | D:1      | Reached XP level 3. HP: 13/23 MP: 3/3
  1203 | D:2      | Reached XP level 4. HP: 29/29 MP: 4/4
  1796 | D:3      | Reached XP level 5. HP: 33/33 MP: 5/5
  2431 | D:4      | Found Tibi's General Store.
  2434 | D:4      | Bought a scroll of identify for 20 gold pieces
  2957 | D:4      | Found a staircase to the Ecumenical Temple.
  2958 | D:4      | Noticed Dowan
  2959 | D:4      | Noticed Duvessa
  2990 | D:4      | Killed Duvessa
  2990 | D:4      | Reached XP level 6. HP: 20/39 MP: 6/6
  3002 | D:4      | Killed from afar by Dowan

Skill      XL: |  1  2  3  4  5 |
---------------+----------------+-----
Armour         | 1 2 |  2.6
Maces & Flails | 4 |  4.9
Dodging        | 3 |  3.2
Fighting       | 4 |  4.3
Stealth        | |  2.2

Action                   |  1- 3 |  4- 6 || total
-------------------------+-------+-------++-------
Melee: Mace              |    96 |   216 ||   312
  Use: Scroll            |       |     2 ||     2
       Potion            |       |     1 ||     1
 Stab: Sleeping          |     3 |       ||     3
  Eat: Ration            |     1 |     1 ||     2
       Chunk             |       |     1 ||     1
Armor: Robe              |    20 |       ||    20
       Chain mail        |    22 |   187 ||   209
Dodge: Dodged            |    60 |   126 ||   186
